AoeStats
← WING123456

African Clearing

510524904Analyzed
4v4 RM · 24h ago on Oct 1, 2026· 35m 1s· 8 players
Game mode
Random Map
Map size
Large (8 player)
Population
200
Speed
Normal
Resources
Standard
Victory
Conquest
Starting age
Dark Age
Ending age
Imperial Age
RankedLock teamsTeams togetherTeam positionsShared explorationLock speedFull tech treeHidden civsTurbo modeCheats
Victory
Defeat
1400
+7
🇹🇼 Lithuanians · Taiwan
1312
+10
🇦🇺 Huns · Australia
1119
+18
🇹🇼 Vietnamese · Taiwan
1002
+23
🇪🇸 Mongols · Spain
1210
-16
🇨🇳 Varangians · China
1184
-15
🇨🇳 Spanish · China
1154
-14
🇬🇧 Ethiopians · United Kingdom
1129
-13
Myth
3:49 Loom
12:36 Feudal Age
13:31 Double-Bit Axe
13:27 Horse Collar
14:48 Bloodlines
18:22 Forging
21:12 Scale Barding Armor
23:03 Wheelbarrow
28:16 Castle Age
27:20 Gold Mining
29:37 Hand Cart
29:34 Bow Saw
29:38 Husbandry
29:53 Heavy Plow
30:20 Town Watch
32:21 Iron Casting
Leopard
3:15 Loom
13:06 Feudal Age
17:41 Castle Age
15:48 Double-Bit Axe
18:34 Bow Saw
18:10 Horse Collar
24:34 Wheelbarrow
24:12 Fletching
25:40 Gold Mining
26:55 Bodkin Arrow
27:51 Padded Archer Armor
29:37 Hand Cart
29:07 Town Watch
30:17 Husbandry
30:28 Bloodlines
30:44 Ballistics
31:30 Stone Mining
33:36 Heavy Plow
36:56 Imperial Age
34:43 Leather Archer Armor
WING123456
3:34 Loom
13:52 Feudal Age
14:18 Double-Bit Axe
21:42 Castle Age
28:29 Horse Collar
31:22 Ballistics
31:06 Padded Archer Armor
31:38 Husbandry
31:49 Bloodlines
33:11 Wheelbarrow
33:54 Gold Mining
KingUrs4721
5:39 Loom
13:00 Feudal Age
13:54 Double-Bit Axe
14:24 Horse Collar
19:47 Town Watch
19:56 Town Watch
20:28 Fletching
20:38 Padded Archer Armor
24:36 Wheelbarrow
24:26 Forging
24:17 Scale Mail Armor
30:20 Castle Age
29:18 Gold Mining
32:13 Iron Casting
31:53 Chain Mail Armor
31:09 Elite Skirmisher
31:34 Crossbowman
33:31 Chain Mail Armor
34:09 Bodkin Arrow
救不了你
3:31 Loom
15:34 Feudal Age
16:38 Double-Bit Axe
19:43 Castle Age
18:12 Gold Mining
18:09 Horse Collar
21:02 Bow Saw
26:44 Fletching
31:08 Bodkin Arrow
32:59 Ballistics
查理曼大帝
9:10 Loom
12:03 Feudal Age
16:55 Castle Age
16:51 Scale Barding Armor
16:35 Double-Bit Axe
17:43 Forging
19:21 Bloodlines
25:24 Horse Collar
26:07 Heavy Plow
29:37 Chain Barding Armor
33:28 Husbandry
Keanoob Reeves
5:39 Loom
12:50 Feudal Age
17:35 Castle Age
25:53 Double-Bit Axe
26:40 Scale Barding Armor
29:39 Fletching
31:39 Elite Skirmisher
32:51 Bow Saw
33:44 Horse Collar
迪恩-伊薩卡-凡爾賽提斯
9:24 Loom
9:34 Loom
11:51 Feudal Age
12:42 Double-Bit Axe
13:20 Horse Collar
17:17 Scale Barding Armor
18:09 Forging
23:34 Wheelbarrow
22:52 Gold Mining
27:01 Castle Age
26:12 Bloodlines
27:00 Light Cavalry
28:02 Chain Barding Armor
27:53 Bow Saw
31:15 Iron Casting
Connection lost

Rejoining the realm…

Still unreachable

The connection could not be restored.

Session expired

The server has moved on; the page needs a fresh start.